General information
- name: BNet
- type: Ladder team game (AT/RT)
- host: Battle.net
- saver: RodAlmighty
map: MarketSquare
- players: 8
- length: 55:41
- speed: Fast
- version: 1.26 W3XP
- replay type: Public
» download(314 KB)
Players
team 1 (winner)
phatdoobie (
purple | 69 APM | 3822 actions | 55:41)
9 Blood Mage
3 Flame Strike
3 Banish
1 Summon Phoenix
2 Siphon Mana
3 Death Knight
1 Death Pact
1 Animate Dead
1 Unholy Aura
» actions
| Assign group hotkey | 25 | |
| Basic commands | 301 | |
| Build / train | 140 | |
| Enter build submenu | 79 | |
| Enter hero's abilities submenu | 12 | |
| Give item / drop item | 2 | |
| Remove unit from queue | 8 | |
| Right click | 1711 | |
| Select / deselect | 830 | |
| Select group hotkey | 540 | |
| Use ability | 173 | |
3822 total
» units
| Peasant | 18 | |
| Footman | 8 | |
| Rifleman | 13 | |
| Mortar Team | 3 | |
| Flying Machine | 17 | |
| Gargoyle | 5 | |
| Frost Wyrm | 3 | |
| Ghoul | 11 | |
78 total
» upgrades
| Gunpowder | 3 | |
| Armor | 3 | |
| Masonry | 3 | |
| Lumber Harvesting | 2 | |
| Long Rifles | 1 | |
| Fragmentation Shards | 1 | |
| Flak Cannons | 2 | |
| Flying Machine Bombs | 3 | |
| Plating | 2 | |
| Creature Attack | 1 | |
| Creature Carapace | 1 | |
22 total
» buildings
| Altar of Kings | 1 | |
| Farm | 12 | |
| Barracks | 2 | |
| Lumber Mill | 1 | |
| Blacksmith | 1 | |
| Town Hall | 2 | |
| Scout Tower | 14 | |
| Guard Tower | 6 | |
| Keep | 1 | |
| Workshop | 2 | |
| Castle | 1 | |
| Arcane Vault | 1 | |
| Arcane Sanctum | 1 | |
| Ziggurat | 25 | |
| Altar of Darkness | 1 | |
| Crypt | 2 | |
| Nerubian Tower | 1 | |
74 total
» build order
00:22 Altar of Kings
00:25 Farm
00:57 Barracks
01:07 Farm
01:48 Farm
01:54 Lumber Mill
02:37 Blacksmith
02:45 Farm
04:34 Town Hall
04:47 Farm
06:06 Scout Tower
06:08 Scout Tower
06:11 Scout Tower
06:12 Scout Tower
06:15 Scout Tower
06:17 Scout Tower
06:19 Scout Tower
06:24 Farm
06:42 Scout Tower
07:16 Guard Tower
07:42 Keep
07:45 Scout Tower
07:53 Scout Tower
08:25 Guard Tower
08:26 Guard Tower
08:29 Barracks
08:37 Scout Tower
09:21 Scout Tower
09:24 Guard Tower
10:08 Guard Tower
10:11 Workshop
10:12 Workshop
11:37 Castle
12:46 Farm
13:48 Scout Tower
13:51 Scout Tower
14:09 Arcane Vault
14:23 Guard Tower
15:31 Farm
15:43 Arcane Sanctum
16:03 Farm
16:15 Farm
18:16 Farm
20:34 Farm
32:40 Town Hall
40:48 Ziggurat
40:51 Ziggurat
40:53 Ziggurat
40:54 Ziggurat
40:56 Ziggurat
40:58 Ziggurat
41:00 Ziggurat
41:02 Ziggurat
41:04 Ziggurat
41:05 Ziggurat
41:08 Ziggurat
41:11 Ziggurat
41:12 Ziggurat
41:15 Ziggurat
41:59 Ziggurat
42:07 Ziggurat
42:09 Ziggurat
42:10 Ziggurat
42:12 Ziggurat
42:15 Ziggurat
42:16 Ziggurat
46:04 Altar of Darkness
46:34 Ziggurat
46:36 Crypt
47:36 Ziggurat
47:55 Ziggurat
47:59 Crypt
48:54 Nerubian Tower
49:49 Ziggurat
» items
| Scroll of Town Portal | 6 | |
| Scroll of Regeneration | 1 | |
| Lesser Clarity Potion | 2 | |
9 total
RodAlmighty (
pink | 87 APM | 4873 actions | 55:41)
9 Archmage
3 Summon Water Elemental
3 Brilliance Aura
2 Blizzard
1 Mass Teleport
» actions
| Assign group hotkey | 100 | |
| Basic commands | 131 | |
| Build / train | 226 | |
| ESC pressed | 15 | |
| Enter build submenu | 64 | |
| Enter hero's abilities submenu | 11 | |
| Give item / drop item | 8 | |
| Right click | 2086 | |
| Select / deselect | 578 | |
| Select group hotkey | 1334 | |
| Use ability | 320 | |
4873 total
» units
| Peasant | 21 | |
| Footman | 5 | |
| Gryphon Rider | 11 | |
| Dragonhawk Rider | 3 | |
| Siege Engine | 4 | |
44 total
» upgrades
| Masonry | 3 | |
| Swords | 4 | |
| Armor | 4 | |
| Animal War Training | 1 | |
| Storm Hammers | 1 | |
| Plating | 3 | |
| Barrage | 1 | |
| Gunpowder | 3 | |
| Cloud | 1 | |
21 total
» buildings
| Altar of Kings | 1 | |
| Barracks | 1 | |
| Farm | 16 | |
| Lumber Mill | 1 | |
| Arcane Vault | 1 | |
| Town Hall | 3 | |
| Scout Tower | 33 | |
| Arcane Tower | 13 | |
| Guard Tower | 65 | |
| Keep | 3 | |
| Blacksmith | 1 | |
| Castle | 3 | |
| Gryphon Aviary | 3 | |
| Workshop | 3 | |
147 total
» build order
00:41 Altar of Kings
00:44 Barracks
00:52 Farm
01:07 Farm
01:39 Farm
02:25 Farm
02:47 Lumber Mill
02:53 Arcane Vault
04:04 Town Hall
04:27 Scout Tower
04:57 Arcane Tower
04:57 Arcane Tower
04:59 Scout Tower
05:43 Guard Tower
05:43 Guard Tower
05:43 Guard Tower
05:45 Scout Tower
05:48 Scout Tower
05:49 Scout Tower
06:01 Keep
06:01 Keep
06:07 Scout Tower
06:19 Guard Tower
06:20 Guard Tower
06:42 Arcane Tower
06:42 Arcane Tower
06:45 Guard Tower
06:45 Guard Tower
07:23 Blacksmith
08:22 Castle
08:23 Castle
09:14 Gryphon Aviary
09:17 Gryphon Aviary
11:19 Farm
11:20 Farm
13:06 Scout Tower
13:07 Scout Tower
13:09 Scout Tower
13:11 Scout Tower
13:14 Gryphon Aviary
13:40 Scout Tower
13:41 Scout Tower
13:44 Scout Tower
13:44 Scout Tower
13:45 Scout Tower
13:47 Scout Tower
13:50 Guard Tower
13:50 Guard Tower
14:12 Guard Tower
14:20 Guard Tower
14:41 Guard Tower
14:41 Guard Tower
15:06 Guard Tower
15:22 Guard Tower
15:22 Guard Tower
15:23 Guard Tower
15:23 Guard Tower
15:26 Guard Tower
15:26 Guard Tower
17:18 Workshop
17:21 Workshop
17:23 Workshop
19:02 Farm
19:04 Farm
19:07 Farm
21:58 Guard Tower
21:58 Guard Tower
21:59 Guard Tower
22:05 Guard Tower
22:06 Guard Tower
22:06 Guard Tower
22:10 Guard Tower
22:10 Guard Tower
22:10 Guard Tower
22:25 Farm
22:28 Farm
24:16 Town Hall
24:17 Scout Tower
24:19 Scout Tower
24:20 Scout Tower
24:23 Scout Tower
24:28 Scout Tower
25:40 Guard Tower
25:41 Guard Tower
26:21 Scout Tower
26:33 Scout Tower
27:26 Guard Tower
27:27 Guard Tower
27:27 Guard Tower
30:21 Guard Tower
30:21 Guard Tower
30:21 Guard Tower
30:28 Guard Tower
30:28 Guard Tower
36:07 Farm
36:08 Farm
36:10 Farm
36:13 Farm
36:16 Farm
36:17 Scout Tower
36:20 Scout Tower
36:21 Scout Tower
36:23 Scout Tower
39:04 Guard Tower
39:04 Guard Tower
42:14 Scout Tower
42:15 Scout Tower
42:16 Scout Tower
42:50 Guard Tower
42:50 Guard Tower
42:51 Guard Tower
42:51 Guard Tower
42:51 Guard Tower
42:51 Guard Tower
42:54 Scout Tower
42:58 Scout Tower
43:10 Scout Tower
43:47 Guard Tower
43:48 Guard Tower
43:51 Arcane Tower
43:51 Arcane Tower
43:53 Arcane Tower
43:53 Arcane Tower
43:54 Arcane Tower
48:22 Town Hall
» items
| Scroll of Regeneration | 10 | |
| Mechanical Critter | 3 | |
| Periapt of Vitality | 1 | |
| Staff of Teleportation | 1 | |
| Tome of Retraining | 1 | |
| Scroll of Protection | 1 | |
| Scroll of Town Portal | 9 | |
| Potion of Healing | 6 | |
| Staff of Sanctuary | 1 | |
| Ivory Tower | 5 | |
| Potion of Lesser Invulnerability | 2 | |
40 total
Mysogonists. (
red | 33 APM | 588 actions | 17:37)
3 Death Knight
2 Death Coil
1 Death Pact
» actions
| Basic commands | 1 | |
| Build / train | 59 | |
| Enter build submenu | 22 | |
| Enter hero's abilities submenu | 3 | |
| Right click | 357 | |
| Select / deselect | 110 | |
| Use ability | 36 | |
588 total
» units
| Acolyte | 7 | |
| Ghoul | 10 | |
| Crypt Fiend | 6 | |
| Frost Wyrm | 4 | |
27 total
» upgrades
| Burrow | 1 | |
| Web | 1 | |
| Creature Attack | 2 | |
| Creature Carapace | 2 | |
| Freezing Breath | 1 | |
7 total
» buildings
| Crypt | 3 | |
| Ziggurat | 10 | |
| Altar of Darkness | 1 | |
| Graveyard | 1 | |
| Halls of the Dead | 1 | |
| Nerubian Tower | 7 | |
| Spirit Tower | 4 | |
| Tomb of Relics | 1 | |
| Necropolis | 1 | |
| Black Citadel | 1 | |
| Sacrificial Pit | 1 | |
| Boneyard | 3 | |
34 total
» build order
01:02 Crypt
01:07 Crypt
01:12 Crypt
01:17 Ziggurat
01:35 Altar of Darkness
02:05 Graveyard
02:35 Ziggurat
03:45 Halls of the Dead
04:27 Ziggurat
04:31 Ziggurat
04:38 Ziggurat
04:53 Nerubian Tower
04:55 Nerubian Tower
05:33 Spirit Tower
05:35 Spirit Tower
05:37 Spirit Tower
06:03 Tomb of Relics
08:19 Ziggurat
08:29 Ziggurat
09:15 Nerubian Tower
09:26 Nerubian Tower
09:26 Nerubian Tower
09:55 Necropolis
11:00 Ziggurat
11:03 Ziggurat
11:09 Ziggurat
11:27 Black Citadel
12:10 Nerubian Tower
12:13 Nerubian Tower
12:14 Spirit Tower
14:11 Sacrificial Pit
15:06 Boneyard
15:18 Boneyard
15:24 Boneyard
» items
| Potion of Healing | 2 | |
| Sacrificial Skull | 2 | |
| Scroll of Healing | 1 | |
| Orb of Corruption | 1 | |
| Potion of Mana | 1 | |
7 total

»
thisguydeon (
yellow | 61 APM | 1564 actions | 25:32)
4 Keeper of the Grove
2 Entangling Roots
2 Thorns Aura
3 Beastmaster
2 Summon Bear
1 Summon Quilbeast
» actions
| Assign group hotkey | 24 | |
| Basic commands | 39 | |
| Build / train | 61 | |
| ESC pressed | 2 | |
| Enter build submenu | 24 | |
| Enter hero's abilities submenu | 8 | |
| Remove unit from queue | 1 | |
| Right click | 839 | |
| Select / deselect | 274 | |
| Select group hotkey | 207 | |
| Use ability | 85 | |
1564 total
» units
| Wisp | 17 | |
| Huntress | 4 | |
| Druid of the Claw | 12 | |
| Mountain Giant | 1 | |
| Dryad | 1 | |
| Frost Wyrm | 1 | |
| Gargoyle | 5 | |
41 total
» upgrades
| Strength of the Wild | 2 | |
| Druid of the Claw Training | 2 | |
| Mark of the Claw | 1 | |
| Hardened Skin | 1 | |
6 total
» buildings
| Altar of Elders | 1 | |
| Moon Well | 8 | |
| Hunter's Hall | 1 | |
| Ancient of War | 1 | |
| Ancient Protector | 2 | |
| Tree of Ages | 1 | |
| Ancient of Lore | 3 | |
| Tree of Eternity | 1 | |
| Ancient of Wonders | 1 | |
| Ziggurat | 4 | |
| Tree of Life | 1 | |
24 total
» build order
00:14 Altar of Elders
00:22 Moon Well
01:33 Hunter's Hall
01:42 Moon Well
02:28 Ancient of War
02:49 Ancient Protector
03:58 Tree of Ages
05:00 Moon Well
06:07 Moon Well
06:29 Ancient of Lore
06:33 Ancient of Lore
06:35 Tree of Eternity
07:45 Moon Well
09:20 Ancient of Lore
09:36 Ancient of Wonders
09:59 Moon Well
11:46 Ancient Protector
19:58 Ziggurat
20:03 Ziggurat
20:05 Ziggurat
20:09 Ziggurat
20:41 Moon Well
21:37 Moon Well
22:28 Tree of Life
» items
team 2 (loser)
WhoaUnexpected (
blue | 53 APM | 1902 actions | 35:46)
7 Mountain King
3 Storm Bolt
3 Bash
1 Avatar
6 Paladin
2 Holy Light
1 Divine Shield
2 Devotion Aura
1 Resurrection
4 Archmage
2 Brilliance Aura
2 Summon Water Elemental
» actions
| Assign group hotkey | 61 | |
| Basic commands | 173 | |
| Build / train | 94 | |
| Enter build submenu | 22 | |
| Enter hero's abilities submenu | 17 | |
| Give item / drop item | 5 | |
| Right click | 256 | |
| Select / deselect | 296 | |
| Select group hotkey | 793 | |
| Use ability | 185 | |
1902 total
» units
| Peasant | 14 | |
| Footman | 8 | |
| Assassin | 1 | |
| Rogue | 1 | |
| Dragonhawk Rider | 20 | |
| Gryphon Rider | 3 | |
47 total
» upgrades
| Armor | 2 | |
| Lumber Harvesting | 1 | |
| Cloud | 1 | |
| Swords | 2 | |
| Animal War Training | 1 | |
| Masonry | 3 | |
10 total
» buildings
| Altar of Kings | 1 | |
| Farm | 12 | |
| Barracks | 1 | |
| Lumber Mill | 2 | |
| Scout Tower | 1 | |
| Keep | 1 | |
| Arcane Vault | 1 | |
| Arcane Tower | 1 | |
| Blacksmith | 1 | |
| Gryphon Aviary | 3 | |
| Castle | 1 | |
| Town Hall | 1 | |
26 total
» build order
00:11 Altar of Kings
00:21 Farm
00:35 Barracks
00:56 Farm
01:05 Lumber Mill
01:37 Farm
02:31 Scout Tower
03:33 Farm
03:42 Keep
04:01 Arcane Vault
04:35 Arcane Tower
04:53 Farm
05:07 Blacksmith
06:08 Gryphon Aviary
06:43 Castle
07:47 Gryphon Aviary
07:50 Farm
09:58 Farm
10:01 Farm
11:36 Farm
12:48 Town Hall
13:13 Farm
13:52 Lumber Mill
19:35 Farm
19:36 Farm
22:22 Gryphon Aviary
» items
| Lesser Clarity Potion | 3 | |
| Scroll of Regeneration | 4 | |
| Potion of Lesser Invulnerability | 2 | |
| Scroll of Town Portal | 4 | |
| Orb of Fire | 1 | |
14 total
HODOR. (
green | 45 APM | 2500 actions | 55:41)
10 Mountain King
3 Storm Bolt
3 Bash
1 Avatar
3 Thunder Clap
» actions
| Assign group hotkey | 66 | |
| Basic commands | 94 | |
| Build / train | 130 | |
| Enter build submenu | 28 | |
| Enter hero's abilities submenu | 10 | |
| Give item / drop item | 6 | |
| Remove unit from queue | 2 | |
| Right click | 866 | |
| Select / deselect | 353 | |
| Select group hotkey | 811 | |
| Use ability | 134 | |
2500 total
» units
| Peasant | 19 | |
| Footman | 5 | |
| Gryphon Rider | 4 | |
| Flying Machine | 36 | |
64 total
» upgrades
| Masonry | 3 | |
| Lumber Harvesting | 2 | |
| Swords | 2 | |
| Armor | 2 | |
| Animal War Training | 1 | |
| Storm Hammers | 1 | |
| Cloud | 1 | |
| Flying Machine Bombs | 1 | |
| Flak Cannons | 1 | |
| Gunpowder | 2 | |
| Plating | 1 | |
17 total
» buildings
| Altar of Kings | 1 | |
| Barracks | 1 | |
| Farm | 15 | |
| Lumber Mill | 1 | |
| Arcane Vault | 1 | |
| Scout Tower | 20 | |
| Arcane Tower | 1 | |
| Town Hall | 2 | |
| Keep | 2 | |
| Guard Tower | 12 | |
| Blacksmith | 1 | |
| Castle | 1 | |
| Gryphon Aviary | 4 | |
| Workshop | 3 | |
| Cannon Tower | 5 | |
70 total
» build order
00:15 Altar of Kings
00:23 Barracks
00:37 Farm
00:52 Farm
01:35 Lumber Mill
01:53 Farm
02:07 Arcane Vault
02:48 Scout Tower
03:43 Farm
03:49 Arcane Tower
04:58 Town Hall
05:02 Scout Tower
05:02 Scout Tower
05:03 Scout Tower
05:03 Scout Tower
05:06 Keep
05:52 Guard Tower
05:55 Scout Tower
06:25 Guard Tower
06:25 Guard Tower
06:30 Blacksmith
07:15 Guard Tower
07:46 Castle
07:50 Gryphon Aviary
07:53 Gryphon Aviary
09:11 Gryphon Aviary
09:44 Farm
09:44 Farm
09:45 Farm
09:46 Farm
09:47 Farm
09:47 Farm
09:48 Farm
11:45 Scout Tower
11:45 Scout Tower
11:46 Scout Tower
11:47 Scout Tower
11:48 Scout Tower
11:48 Scout Tower
12:45 Guard Tower
14:05 Guard Tower
14:12 Gryphon Aviary
16:25 Town Hall
17:28 Scout Tower
17:28 Scout Tower
17:29 Scout Tower
17:29 Scout Tower
18:16 Guard Tower
18:19 Keep
19:26 Guard Tower
19:26 Guard Tower
22:03 Farm
22:50 Workshop
25:29 Cannon Tower
32:24 Workshop
32:26 Workshop
36:41 Farm
36:42 Farm
36:42 Farm
39:30 Scout Tower
39:30 Scout Tower
39:35 Scout Tower
39:36 Scout Tower
40:29 Cannon Tower
40:29 Cannon Tower
40:36 Cannon Tower
» items
| Scroll of Regeneration | 7 | |
| Ivory Tower | 1 | |
| Potion of Invisibility | 1 | |
| Staff of Teleportation | 1 | |
| Healing Salve | 1 | |
| Scroll of Town Portal | 3 | |
| Orb of Fire | 1 | |
15 total
URDADWARNEDYOU (
orange | 38 APM | 1752 actions | 45:57)
8 Far Seer
3 Feral Spirit
3 Chain Lighting
1 Earth Quake
1 Far Sight
6 Shadow Hunter
1 Hex
3 Healing Wave
1 Serpent Ward
1 Big Bad Voodoo
» actions
| Basic commands | 2 | |
| Build / train | 118 | |
| Enter build submenu | 24 | |
| Enter hero's abilities submenu | 14 | |
| Give item / drop item | 3 | |
| Right click | 785 | |
| Select / deselect | 626 | |
| Use ability | 180 | |
1752 total
» units
| Peon | 20 | |
| Troll Headhunter/Berserker | 17 | |
| Assassin | 1 | |
| Demolisher | 6 | |
| Shaman | 10 | |
| Troll Witch Doctor | 10 | |
| Troll Batrider | 7 | |
71 total
» upgrades
| Armor | 3 | |
| Spiked Barricades | 2 | |
| Ranged Weapons | 4 | |
| Shaman Training | 2 | |
| Witch Doctor Training | 2 | |
| Troll Regeneration | 1 | |
| Berserker Upgrade | 1 | |
| Burning Oil | 1 | |
| Reinforced Defenses | 1 | |
| Melee Weapons | 1 | |
| Spirit Walker Training | 1 | |
| Liquid Fire | 1 | |
20 total
» buildings
| Orc Burrow | 8 | |
| War Mill | 2 | |
| Altar of Storms | 1 | |
| Watch Tower | 2 | |
| Barracks | 2 | |
| Voodoo Lounge | 2 | |
| Stronghold | 1 | |
| Spirit Lodge | 2 | |
| Fortress | 1 | |
| Great Hall | 1 | |
| Beastiary | 4 | |
26 total
» build order
01:25 Orc Burrow
01:27 War Mill
01:43 Orc Burrow
02:03 Altar of Storms
02:54 Watch Tower
03:09 Barracks
03:23 Barracks
03:47 Watch Tower
04:05 Voodoo Lounge
04:13 Orc Burrow
05:37 Voodoo Lounge
06:24 Stronghold
08:57 Orc Burrow
08:59 Orc Burrow
09:56 Spirit Lodge
09:58 Spirit Lodge
11:08 Fortress
14:32 Great Hall
29:29 Orc Burrow
29:32 Orc Burrow
29:33 Orc Burrow
31:14 Beastiary
31:16 Beastiary
31:18 Beastiary
31:20 Beastiary
33:54 War Mill
» items
| Boots of Speed | 1 | |
| Potion of Lesser Invulnerability | 1 | |
| Circlet of Nobility | 1 | |
| Potion of Healing | 1 | |
| Orb of Lightning | 1 | |
| Scroll of Town Portal | 2 | |
| Healing Salve | 1 | |
| Lesser Clarity Potion | 1 | |
9 total
RealGz (
teal | 21 APM | 1151 actions | 55:15)
2 Archmage
1 Summon Water Elemental
1 Brilliance Aura
4 Mountain King
1 Storm Bolt
3 Bash
» actions
| Assign group hotkey | 2 | |
| Basic commands | 7 | |
| Build / train | 66 | |
| Enter build submenu | 11 | |
| Enter hero's abilities submenu | 5 | |
| Remove unit from queue | 1 | |
| Right click | 691 | |
| Select / deselect | 298 | |
| Use ability | 70 | |
1151 total
» units
| Peasant | 12 | |
| Mortar Team | 10 | |
| Rifleman | 10 | |
32 total
» upgrades
| Masonry | 1 | |
| Lumber Harvesting | 2 | |
| Gunpowder | 2 | |
| Armor | 3 | |
| Long Rifles | 1 | |
| Fragmentation Shards | 1 | |
| Flare | 1 | |
11 total
» buildings
| Keep | 1 | |
| Altar of Kings | 1 | |
| Farm | 8 | |
| Blacksmith | 1 | |
| Lumber Mill | 1 | |
| Arcane Vault | 1 | |
| Castle | 1 | |
| Workshop | 1 | |
| Barracks | 1 | |
16 total
» build order
01:50 Keep
01:53 Altar of Kings
01:56 Farm
02:00 Blacksmith
02:04 Lumber Mill
02:09 Farm
02:21 Arcane Vault
03:31 Farm
03:32 Farm
03:33 Farm
03:35 Farm
03:36 Farm
03:37 Farm
05:37 Castle
06:06 Workshop
06:14 Barracks
» items
| Lesser Clarity Potion | 4 | |
| Scroll of Regeneration | 3 | |
| Scroll of Town Portal | 3 | |
| Orb of Fire | 1 | |
| Healing Salve | 1 | |
12 total
Chat log
(00:09 / Allies) Mysogonists.: 100g please
(00:15 / All) RodAlmighty: really low ELL match
(00:28 / All) thisguydeon: hodor
(00:32 / All) thisguydeon: FUCKIN THRONES MN
(00:36 / Allies) Mysogonists.: ahh fuck this gg ill noob it
(00:43 / Allies) thisguydeon: nah dude
(00:44 / Allies) thisguydeon: we good
(00:44 / All) HODOR.: hodor
(00:46 / Allies) thisguydeon: what you guys goin
(01:02 / Allies) phatdoobie: morts
(01:04 / Allies) phatdoobie: and rifles
(01:17 / Allies) phatdoobie: 3 humans = tanks, gryphs/knights
(03:56 / Allies) RodAlmighty: I don't need your help, fag
(04:03 / Allies) thisguydeon: yo pink wanna suck my dic
(04:05 / Allies) thisguydeon: itll be fun
(04:07 / Allies) thisguydeon: fucking faggot
(04:09 / Allies) thisguydeon: shut ur mouth and play
(04:12 / All) Mysogonists.: gg ally took expo i cleared so ill definitely team killl
(04:12 / Allies) RodAlmighty: suck mine little bitch
(04:17 / All) WhoaUnexpected: lmao
(04:19 / Allies) thisguydeon: dude youre a fuckig faggot
(04:21 / All) RodAlmighty: I cleared that you little fuckwit
(04:21 / All) RealGz: yep
(04:25 / All) RodAlmighty: and yellow is a xp leeching clown
(04:25 / All) RealGz: sounds about right
(04:31 / All) thisguydeon: .....
(04:33 / All) thisguydeon: ur a faggot
(04:36 / All) thisguydeon: suck a dick pink
(04:39 / All) thisguydeon: fucking wack ass name
(04:40 / All) HODOR.: lawl
(04:42 / All) thisguydeon: little dick nigga
(04:44 / All) thisguydeon: shut ur mouth
(04:51 / All) RodAlmighty: lol
(04:53 / All) HODOR.: they are blaming u pink lalw
(05:29 / All) HODOR.: dont tk relax
(05:41 / Allies) thisguydeon: gey teal
(05:42 / Allies) thisguydeon: you fool
(05:49 / Allies) thisguydeon: why teh fuck would you coil it
(05:55 / Allies) phatdoobie: lol this yellow
(10:24 / Allies) phatdoobie: lol hh
(10:25 / Allies) phatdoobie: gg
(10:35 / Allies) RodAlmighty: god you guys panic like hell and pussy out easy
(10:44 / Allies) phatdoobie: lol meant that hh suck
(10:46 / Allies) RodAlmighty: oh lawl
(11:03 / Allies) phatdoobie: mid pink?
(11:08 / Allies) RodAlmighty: sure
(12:28 / All) RodAlmighty: wow teal sucks big time
(12:33 / Allies) thisguydeon: up
(12:36 / Allies) thisguydeon: yo
(12:38 / Allies) thisguydeon: itd be tight
(12:42 / Allies) thisguydeon: if yall niggas hooked it up with some g
(12:43 / All) RodAlmighty: teal is this your first time playing?
(12:43 / Allies) thisguydeon: JA FEEL
(13:13 / Allies) thisguydeon: thanks brotha
(13:17 / Allies) phatdoobie: np
(13:22 / Allies) phatdoobie: your bears are gonna be great for teal
(13:26 / Allies) thisguydeon: im sayin
(14:40 / All) RealGz: lol
(14:47 / All) RealGz: noob
(14:52 / All) RodAlmighty: I got level 6
(14:54 / All) RodAlmighty: I came out ahead there
(15:23 / Allies) phatdoobie: lumber plis
(15:38 / All) RealGz: fully upgraded rocks
(15:53 / All) RealGz: dont need nothin but 12 units
(16:17 / All) Mysogonists.: we got spanked so gg
(16:21 / Allies) thisguydeon: like
(16:23 / Allies) thisguydeon: we gonna do something
(16:28 / Allies) phatdoobie: ill tp
(16:30 / Allies) phatdoobie: but not alone
(16:39 / Allies) thisguydeon: same
(16:41 / Allies) thisguydeon: whats good
(16:50 / All) RodAlmighty: nice cloud on my town hall
(16:54 / All) RodAlmighty: do you even know how to cancel that?
(17:03 / All) RealGz: lol
(17:06 / All) RealGz: yeh
(17:08 / All) RealGz: move the unit
(17:10 / All) RealGz: dumb dumb
(17:24 / All) RealGz: u can go back to my base pink
(17:32 / All) RealGz: i got gold saved up and no longer need it lol
(17:41 / All) RodAlmighty: no you have like 400 gold
(17:42 / Allies) phatdoobie: fucking red
(17:44 / Allies) phatdoobie: my hell
(17:48 / All) RealGz: 1360
(17:50 / All) RodAlmighty: nope
(17:52 / All) RodAlmighty: 480
(17:54 / Allies) phatdoobie: just barely getting wyrms
(18:05 / All) RealGz: 1360
(18:08 / All) RodAlmighty: 502
(18:17 / All) RealGz: thats gold not wood
(18:19 / All) RealGz: numbnutz
(18:26 / All) RealGz: green tk lol
(18:51 / All) RodAlmighty: newbie trash
(18:59 / All) RealGz: green tk lol noob
(19:01 / All) RealGz: u did nothin
(19:06 / All) RodAlmighty: I raped you
(19:15 / All) RealGz: u didnt even touch me fuck head
(20:12 / All) RodAlmighty: nice farms
(20:35 / All) RodAlmighty: how's it feel to be 0 food, cunt?
(20:44 / All) RealGz: lol
(20:52 / All) RealGz: pink u the worst player here
(20:59 / All) WhoaUnexpected: no, green is lmao
(21:05 / Allies) RodAlmighty: nice
(21:09 / Allies) RodAlmighty: copters
(21:09 / All) RealGz: no greens not noob
(21:16 / All) RodAlmighty: I like purple he's good
(21:16 / All) RealGz: hes just dumb as fruck
(21:37 / All) RodAlmighty: thanks for leaving ah awk behind to kill, blue
(21:46 / All) RealGz: lol
(21:50 / All) HODOR.: easy big guy
(21:51 / All) RealGz: this games alrdy over
(21:51 / All) HODOR.: easy
(22:44 / All) HODOR.: die nigga yellow
(23:15 / Allies) phatdoobie: that awkward moment when u thought u had a tp
(23:22 / All) HODOR.: TP OUT
(24:23 / All) thisguydeon: for the recorde
(24:26 / All) thisguydeon: yall niggas suck
(24:29 / All) thisguydeon: meaning the niggas on my team
(24:29 / All) HODOR.: U
(24:30 / All) RodAlmighty: lawl
(24:31 / All) HODOR.: U
(24:32 / All) thisguydeon: ur a faggot
(24:35 / All) thisguydeon: you suck dude
(24:37 / All) RealGz: lol
(24:38 / All) RodAlmighty: yellow you were the worst player on our team
(24:40 / All) RodAlmighty: you and red were horrible
(24:41 / All) thisguydeon: straight up shouldve been swallowed
(24:42 / All) thisguydeon: dude
(24:43 / All) RealGz: pink does suck pretty bad
(24:43 / All) thisguydeon: you suck
(24:44 / All) thisguydeon: youre so bad
(24:46 / All) thisguydeon: youre lliterally
(24:47 / All) thisguydeon: the worlst
(24:49 / All) thisguydeon: sofuck ya
(24:49 / All) HODOR.: wut happened on ur side who did what
(24:52 / All) thisguydeon: still the best typer in the game
(24:54 / All) RodAlmighty: yellow you are amusing
(24:54 / All) RealGz: red sucked ass to though
(24:54 / All) thisguydeon: comi at you live
(24:56 / All) RodAlmighty: thank you for the show
(24:57 / All) thisguydeon: nut in your girls mouth
(25:01 / All) thisguydeon: nut in side of your moms mouth
(25:02 / All) RodAlmighty: I have 130 WPM btw
(25:02 / All) thisguydeon: fuck it
(25:05 / All) RodAlmighty: so I think I type faster
(25:06 / All) thisguydeon: youre welcome bro
(25:08 / All) thisguydeon: next time dont suco
(25:11 / All) thisguydeon: dude
(25:13 / All) thisguydeon: thats inpossible
(25:15 / All) thisguydeon: straight up
(25:17 / All) thisguydeon: get real
(25:21 / All) thisguydeon: unless youre on coke
(25:23 / All) thisguydeon: in which case
(25:27 / All) thisguydeon: id probably get like
(25:28 / All) thisguydeon: 140
(25:35 / All) RodAlmighty: lol
(25:42 / All) HODOR.: !40 what
(25:46 / All) RodAlmighty: there are faster typers than 130 words per minute.......
(25:52 / Allies) phatdoobie: give red some gold for wyrms
(25:59 / All) RealGz: no duh
(26:08 / All) HODOR.: bad boy yellow
(26:14 / All) RealGz: i cant type whole parahgraphs almost instantly
(26:14 / Allies) RodAlmighty: I need wood
(26:35 / Allies) RodAlmighty: nice ty
(26:42 / Allies) phatdoobie: give red gold?
(26:45 / Allies) RodAlmighty: yeah
(26:54 / Allies) phatdoobie: just saw
(27:28 / All) RealGz: lol
(27:49 / All) RodAlmighty: having fun cackling at what people with more than 0 food are doing?
(29:15 / All) RodAlmighty: you are a good player blue
(29:30 / All) RodAlmighty: suicide all your last units
(30:14 / All) phatdoobie: sad day
(30:40 / Allies) RodAlmighty: omw
(30:57 / All) WhoaUnexpected: cant wait for green to lose
(31:08 / All) WhoaUnexpected: just kill him already.
(31:09 / All) RealGz: i know
(31:18 / All) RealGz: imma love it when green loses to these noobs
(31:29 / All) RodAlmighty: green has units you do not
(31:32 / All) RodAlmighty: he is better than you are lol
(31:34 / All) RodAlmighty: hahaha
(31:37 / All) RealGz: green killed me
(31:45 / All) WhoaUnexpected: plz... my score will be even higher than yours green
(31:48 / All) WhoaUnexpected: thats how bad you suck
(31:50 / All) RealGz: so yeh if he loses imma luagh my ass off n put him on the hit list
(31:52 / All) RealGz: lol
(31:59 / Allies) phatdoobie: 100 g pink?
(32:05 / Allies) phatdoobie: or a couple
(32:06 / Allies) phatdoobie: for expo
(33:14 / All) WhoaUnexpected: green is turtling in his base at back
(33:16 / All) WhoaUnexpected: just go kill him
(35:03 / All) RodAlmighty: BLOCKED LOL
(35:26 / All) RealGz: lol
(35:29 / All) RealGz: gitty up horsy
(35:33 / All) RodAlmighty: these heroes are gay
(35:43 / All) WhoaUnexpected: you blow pink. watch my score own you.
(35:49 / All) RealGz: right u just suck ass
(35:50 / All) HODOR.: lawl
(35:54 / All) RodAlmighty: hahahaha you are serious aren't you blue
(37:36 / Allies) phatdoobie: why pink?
(37:43 / Allies) RodAlmighty: nothing personal
(37:45 / Allies) RodAlmighty: it's business
(37:58 / All) phatdoobie: fuck your mother
(38:00 / All) phatdoobie: fuck your dad
(38:04 / All) phatdoobie: fuck your dog
(38:07 / All) phatdoobie: fuck your sister
(38:10 / All) phatdoobie: fuck yourself
(38:14 / All) phatdoobie: fuck your son
(38:17 / All) phatdoobie: fuck your firstborn
(38:20 / All) phatdoobie: fuck your daughter
(38:26 / All) phatdoobie: fuck your asshole
(38:29 / All) phatdoobie: fuck your friends
(38:30 / All) HODOR.: wtf lol
(38:38 / All) phatdoobie: fuck everything you love in life
(38:39 / All) RodAlmighty: Purple are you feathers ruffled?
(38:40 / All) RealGz: lol
(38:47 / All) phatdoobie: eh. just a game
(38:50 / All) RodAlmighty: lawl
(38:53 / All) phatdoobie: just wanted to do that for a while
(38:55 / All) RealGz: not to some
(38:56 / All) RodAlmighty: I like you
(39:01 / All) RodAlmighty: not to some, oh really teal?
(39:12 / All) RealGz: yep
(39:17 / All) RealGz: really really
(39:19 / All) RodAlmighty: to what, koreans?
(39:39 / All) RealGz: what a korean lol?
(39:44 / All) RodAlmighty: esports are a joke and so are you
(40:03 / All) RealGz: idk what a korean is but ok
(40:21 / All) RodAlmighty: NO FUCKING WAY
(40:24 / All) RodAlmighty: LUCKY FAR SEER
(41:22 / Allies) phatdoobie: lol
(41:25 / Allies) phatdoobie: hey pink
(41:27 / Allies) phatdoobie: look at red
(41:45 / All) RodAlmighty: why didn't that mass tp go off
(41:52 / All) RodAlmighty: LAWL
(41:52 / All) RodAlmighty: F U
(41:55 / All) RodAlmighty: I canceled by mistake
(41:59 / All) RodAlmighty: Nice work purple
(42:18 / All) HODOR.: brb reak
(42:20 / All) HODOR.: break
(42:26 / All) RealGz: lol
(44:00 / All) RealGz: o im srry was that annoying u
(44:22 / All) phatdoobie: you could have atleast let my hero live...
(44:26 / All) URDADWARNEDYOU: hacker
(44:32 / All) RodAlmighty: wait
(44:33 / All) RodAlmighty: purp
(44:35 / All) RodAlmighty: you have food right?
(44:40 / All) RodAlmighty: I can help you buy your hero back
(44:40 / All) phatdoobie: eh. you went hh. no need to hack
(44:41 / All) RodAlmighty: ok?
(44:43 / All) RealGz: no
(44:44 / Allies) phatdoobie: cool
(45:08 / All) phatdoobie: OHHHH
(45:11 / All) phatdoobie: BLUE RUN BITCH
(45:12 / Allies) RodAlmighty: buy it
(45:41 / All) RodAlmighty: bad idea orange
(47:01 / All) HODOR.: no standoff i say
(47:05 / All) RodAlmighty: Teal are you enjoying the use of 1 hero?
(47:09 / All) RodAlmighty: Who shall win then, my team?
(47:10 / All) HODOR.: want to watch got at 815
(47:11 / All) RodAlmighty: I like purp
(47:15 / All) RodAlmighty: he's a sportsman
(47:16 / All) RealGz: thats ussally what i use
(47:24 / All) RealGz: a Hero
(47:33 / All) RealGz: or 3 hero's
(48:41 / All) RodAlmighty: jake
(48:43 / All) RodAlmighty: your team loses?
(48:58 / All) HODOR.: yes i think i like teall too but u said purple was really incredible
(49:08 / All) RodAlmighty: He actually had units and shit
(49:12 / All) RodAlmighty: and has been controlling red well
(49:15 / All) RealGz: lol so
(49:17 / All) RodAlmighty: he always helped me at my base and gave me resources
(49:19 / All) RodAlmighty: Purple is pro
(49:21 / All) RealGz: its all in how u use them
(49:42 / All) HODOR.: blue was a cry baby
(49:58 / All) RodAlmighty: yellow was a big crybaby too and red
(50:06 / All) phatdoobie: lol red was horrible
(50:07 / All) RodAlmighty: teal seems like a little bit of one
(50:11 / All) RodAlmighty: yeah red sucked lawl
(50:13 / All) RealGz: lol
(50:16 / All) RodAlmighty: yellow was xp leeching scum
(50:26 / All) HODOR.: wut happened tho
(50:26 / All) RealGz: no im just in the #1 Ranked clan is all.
(50:29 / All) phatdoobie: so frustrating when people do that
(50:37 / All) RodAlmighty: what's the #1 ranked clan these days teal?
(50:53 / All) RealGz: EMF and clan GoDs Ranked#2
(50:58 / All) RodAlmighty: did it take you until the game was 13 years old to qualify for it?
(51:00 / All) phatdoobie: GoD hacks
(51:05 / All) RodAlmighty: no one better than you left to fill their ranks?
(51:12 / All) RealGz: thats what i heard
(51:27 / All) HODOR.: its 2015 gentlemen. most pple hack
(51:37 / All) RealGz: noone is better tahn me iv beatean everyone in this game
(51:41 / All) RodAlmighty: lawl
(51:41 / All) phatdoobie: still. fuckers.
(51:42 / All) RodAlmighty: not us
(51:50 / Allies) phatdoobie: he just used avatr
(51:53 / Allies) phatdoobie: he gon die
(52:05 / All) RealGz: yeh iv beaten purple before and plenty of u
(52:15 / All) RodAlmighty: sure you have lol
(52:21 / All) RealGz: i have
(52:24 / All) RodAlmighty: in your dreams
(52:32 / All) RealGz: ha
(52:32 / All) RodAlmighty: sick surround attempts purp
(52:38 / All) RealGz: u cant catch me noob
(52:43 / All) RodAlmighty: purp is way better than you
(53:02 / All) RealGz: dumb ass
(53:22 / All) phatdoobie: :D
(53:25 / All) RealGz: lol
(53:29 / All) RealGz: still didnt catch me
(53:29 / All) RodAlmighty: that mk received a proper raping
(53:33 / All) RodAlmighty: good work purple
(53:46 / All) RodAlmighty: Want to do the honour of killing the last farms?
(53:52 / All) RealGz: still juked ur asses
(53:57 / All) RealGz: juked 2 of u
(53:59 / All) RealGz: lol
(54:03 / All) RealGz: mopre than once
(54:07 / All) RodAlmighty: nope
(54:10 / All) HODOR.: barry sanders of wc3
(54:12 / All) RealGz: yep
(54:16 / All) RealGz: like 6 times
(54:21 / All) RodAlmighty: teal if you were good you would have been in a good clan years ago
(54:26 / All) RodAlmighty: not when 99% of players are 20 apm
(54:36 / All) RealGz: im always in the #1 ranked clan noob
(54:44 / All) RodAlmighty: if you say so
(54:44 / All) RealGz: i have a shit ton of accounts
(54:48 / All) RealGz: 6 computers
(54:48 / All) RodAlmighty: it's what's in your heart that counts
(54:59 / All) phatdoobie: see my phoenix
(55:01 / All) phatdoobie: its sick
(55:02 / All) RodAlmighty: Purp using just a phoenix on the last farm like a pro
(55:03 / All) phatdoobie: and weak
(55:08 / All) RealGz: lol
(55:09 / All) phatdoobie: oops
(55:11 / All) phatdoobie: its gone
(55:16 / All) phatdoobie: just like the fucks i give about you all
(55:18 / All) HODOR.: save replay
(55:25 / All) RodAlmighty: lawl
(55:38 / All) phatdoobie: peace boys
(55:40 / All) RodAlmighty: PEACE